 Dungeon Crawl Stone Soup version 0.30-a0-862-g1aabd4f9c5 (webtiles) character file.

Game seed: 16211464059716658948

236 BigDaddyOpFi the Covered (level 5, 0/49 HPs)
             Began as an Armataur Fighter on Mar 8, 2023.
             Killed from afar by Grinder (10 damage)
             ... with a puff of flame
             ... on level 3 of the Dungeon.
             The game lasted 00:02:04 (2114 turns).

BigDaddyOpFi the Covered (Armataur Fighter)         Turns: 2114, Time: 00:02:05

Health: 0/49       AC: 11    Str: 24    XL:     5   Next: 77%
Magic:  5/5        EV:  7    Int:  8    God:
Gold:   105        SH:  4    Dex:  9    Spells: 4/4 levels left

rFire   . . .      SeeInvis .    a - +0 war axe
rCold   . . .      Faith    .    c - +0 buckler
rNeg    . . .      Spirit   .    b - +0 scale mail
rPois   .          Reflect  .    (no helmet)
rElec   .          Roll     +    (no cloak)
rCorr   .                        (no gloves)
Will    .....                    (no barding) Stlth
                                 (no amulet)
HPRegen 0.28/turn                k - +4 ring of protection
MPRegen 0.09/turn                (no ring)

@: mighty, flying
A: large, rugged brown scales 3, deformed body, armoured tail, roll, long
tongue, awkward tongue
a: no special abilities


You were on level 3 of the Dungeon.
You visited 1 branch of the dungeon, and saw 3 of its levels.

You collected 105 gold pieces.

Inventory:

Hand Weapons
 a - a +0 war axe (weapon)
Armour
 b - a +0 scale mail (worn)
 c - a +0 buckler (worn)
Jewellery
 k - a +4 ring of protection (left hand)
Wands
 n - a wand of digging (4)
 p - a wand of iceblast (12)
 q - a wand of flame (7)
Scrolls
 f - a scroll of teleportation
 j - 2 scrolls of identify
 m - a scroll of magic mapping {unknown}
Potions
 g - a potion of attraction {unknown}
 h - a potion of berserk rage
 i - a potion of invisibility {unknown}
 l - a potion of curing {unknown}
 o - a potion of cancellation {unknown}


   Skills:
 + Level 3.7 Fighting
 + Level 2.8 Axes
 + Level 5.0 Armour
 + Level 4.5 Shields


You had 4 spell levels left.
You didn't know any spells.
Your spell library contained the following spells:

 Spells                   Type           Power      Damage    Failure   Level
 Summon Small Mammal      Summ           0%         N/A       77%         1
 Call Canine Familiar     Summ           0%         N/A       98%         3
 Summon Guardian Golem    Hex/Summ       0%         N/A       98%         3


Dungeon Overview and Level Annotations

Branches:
Dungeon (3/15)

Altars:

Shops:
D:2 [

Annotations:
D:3 Grinder


Innate Abilities, Weirdness & Mutations

You are completely covered in rugged brown scales. (AC +3, +7% HP)
Armour fits poorly on your strangely shaped body.
You have a long armoured tail.
You roll when moving toward enemies. (Rampage)
Your long tongue fully drains potion bottles. (2x potion effects)
Your tongue gives you trouble enunciating. (1.5x scroll delay)


Message History

You resist with significant effort.
Grinder is nearby!
You roll towards Grinder!
Found a stone staircase leading down.
You barely miss Grinder. Grinder gestures at you.
You resist with significant effort.
You completely miss Grinder. Grinder hits you.
You writhe in agony.
You closely miss Grinder. You tail-slap Grinder!
Grinder is moderately wounded.
Grinder closely misses you. Grinder gestures at you.
Pain shoots through your body!
You slash Grinder!
Grinder is heavily wounded.
Grinder hits you.
You writhe in agony.
You barely miss Grinder.
You tail-slap Grinder, but do no damage.
Grinder is heavily wounded.
Grinder blinks!
You slurp down every last drop of the potion of might!
You feel very mighty all of a sudden. Grinder gestures at you.
Pain shoots through your body!
* * * LOW HITPOINT WARNING * * *
You block Grinder's attack.
You barely miss Grinder.
Grinder is moderately wounded.
Grinder hits you.
* * * LOW HITPOINT WARNING * * *
Grinder hits you but does no damage.
You slurp down every last drop of the golden potion!
It was a potion of flight.
You feel very buoyant.
You fly up into the air.
Grinder gestures at you.
You barely resist. You barely miss Grinder.
Grinder is moderately wounded.
Grinder zaps a wand.
The puff of flame hits you!
You die...

...# ....#######
#........#
##.$......#####
#.............####
#..........##.....
#.................
#...........#
#>.....@..#.###
#......5..#...## #
#.......<..##..######.#
.......................
...........####..#...##
............####.#.######
..........#..............
.........########..######
.### ##..# #


You could see Grinder.

Vanquished Creatures
  Jessica (D:2)
  Natasha (thrice) (D:2)
  7 gnolls
  3 worms (D:2)
  A dart slug (D:2)
  6 bats
  5 endoplasms (D:1)
  2 giant cockroaches (D:2)
  5 goblins
  6 hobgoblins
  2 jackals (D:2)
  6 kobolds
  A quokka (D:2)
  6 ball pythons
  4 frilled lizards
  3 rats (D:1)
61 creatures vanquished.

Notes
Turn   | Place    | Note
-------+----------+-------------------------------------------
     0 | D:1      | BigDaddyOpFi the Armataur Fighter began the quest for the
                  | Orb.
     0 | D:1      | Reached XP level 1. HP: 19/19 MP: 1/1
     7 | D:1      | You fall into a shaft and drop 1 floor!
    44 | D:2      | Reached XP level 2. HP: 26/26 MP: 2/2
   221 | D:2      | Noticed Natasha
   223 | D:2      | Noticed a crimson imp
   234 | D:2      | Killed Natasha
   235 | D:2      | Reached skill level 4 in Armour
   235 | D:2      | Reached XP level 3. HP: 18/33 MP: 3/3
   353 | D:2      | Noticed Jessica
   356 | D:2      | Killed Jessica
   357 | D:2      | Reached XP level 4. HP: 40/40 MP: 4/4
   541 | D:1      | Found a faded altar of an unknown god.
  1105 | D:2      | Found Yhoavaur's Armour Shop.
  1111 | D:2      | Noticed Natasha
  1124 | D:2      | Killed Natasha
  1125 | D:2      | Reached XP level 5. HP: 31/48 MP: 5/5
  1475 | D:2      | Noticed Natasha
  1478 | D:2      | Killed Natasha
  2047 | D:3      | Reached skill level 5 in Armour
  2100 | D:3      | Noticed Grinder
  2114 | D:3      | Killed from afar by Grinder

Illustrated notes

Levels and vault maps discovered:
D:1:      minmay_arrival_diagonal_passages, layout_rooms,
          shapermc_ecumenical_altar_starsandcircs
D:2:      layout_basic, serial_shops, shop, uniq_natasha, uniq_jessica
D:3:      layout_rooms, uniq_grinder

Skill      XL: |  1  2  3  4  5 |
---------------+----------------+-----
Fighting       | 3 |  3.7
Axes           | 2 |  2.8
Armour         | 4 5 |  5.0
Shields        | 4 |  4.5

Action                     |  1- 3 |  4- 6 || total
---------------------------+-------+-------++-------
  Melee: War axe           |    35 |   122 ||   157
         Tailslap          |     2 |    11 ||    13
    Use: Scroll            |       |     4 ||     4
         Potion            |       |     2 ||     2
 Armour: Scale mail        |    19 |    70 ||    89
  Dodge: Dodged            |    16 |    49 ||    65
  Block: Buckler           |     9 |    31 ||    40

Table legend: (Time is in decaauts)
 A = Elapsed time spent in this place.
 B = Non-inter-level travel time spent in this place.
 C = Inter-level travel time spent in this place.
 D = Time resting spent in this place.
 E = Time spent auto-exploring this place.
 F = Levels seen in this place.
 G = Mean time per level.
                   A        B        C        D        E       F      G
               +--------+--------+--------+--------+--------+-----+--------+
         Total |   2189 |   2156 |     33 |    316 |   1414 |   3 |  729.7 |
       Dungeon |   2189 |   2156 |     33 |    316 |   1414 |   3 |  729.7 |
               +--------+--------+--------+--------+--------+-----+--------+

Top non-repeatable levels by time:
     D:2: 1517 daAuts
     D:1: 580 daAuts
     D:3: 92 daAuts
